 Dungeon Crawl Stone Soup version 0.25-a0-589-g1e14c549ee (webtiles) character file.

Game seed: 2448111539781900843, levelgen mode: deterministic

878 Elbshagen the Fighter (level 8, -13/78 HPs)
             Began as a Hill Orc Fighter on Mar 13, 2020.
             Mangled by an orc warrior
             ... wielding a +0 battleaxe
              (21 damage)
             ... on level 7 of the Dungeon.
             The game lasted 00:35:56 (5994 turns).

Elbshagen the Fighter (Hill Orc Fighter)            Turns: 5994, Time: 00:35:57

Health: -13/78     AC: 10    Str: 21    XL:     8   Next: 4%
Magic:  8/8        EV:  5    Int:  8    God:
Gold:   420        SH:  9    Dex: 13    Spells: 7/7 levels left

rFire    . . .     SeeInvis .   a - +0 war axe
rCold    . . .     Gourm    .   c - +0 kite shield
rNeg     . . .     Faith    .   D - +0 chain mail
rPois    .         Spirit   .   E - +0 helmet
rElec    .         Reflect  .   (no cloak)
rCorr    .         Harm     .   (no gloves)
MR       .....                  (no boots)
Stlth    ..........             (no amulet)
HPRegen  0.23/turn              o - +3 ring of dexterity
MPRegen  0.11/turn              (no ring)

@: no status effects
A: no striking features
a: no special abilities


You were on level 7 of the Dungeon.
You were not hungry.

You visited 1 branch of the dungeon, and saw 7 of its levels.

You collected 420 gold pieces.

Inventory:

Hand Weapons
 a - a +0 war axe (weapon)
 z - a +0 club
 B - a +0 whip
 H - a +0 club
 L - a +0 mace
 M - a +0 falchion
 O - a +0 war axe
 P - a +0 club
 R - a +0 flail of protection
 S - a +0 hunting sling
 Z - a +0 morningstar
Missiles
 i - 60 sling bullets
 u - 67 arrows
 A - 117 stones (quivered)
Armour
 b - a +0 scale mail
 c - a +0 kite shield (worn)
 q - a +0 leather armour
 x - a +0 leather armour
 D - a +0 chain mail (worn)
 E - a +0 helmet (worn)
 G - a +0 ring mail
 K - a +0 robe
 Q - a +0 chain mail
 W - a +2 leather armour of cold resistance
Jewellery
 j - an uncursed ring of resist corrosion {unknown}
 o - a +3 ring of dexterity (left hand)
Wands
 N - a wand of disintegration (31)
Scrolls
 g - 3 scrolls of magic mapping
 p - 2 scrolls of fog
 v - 4 scrolls of remove curse
 F - 5 scrolls of identify
 I - a scroll of blinking
 T - 2 scrolls of fear {unknown}
 U - a scroll of amnesia {unknown}
 Y - 2 scrolls of teleportation
Potions
 d - a potion of might
 e - a potion of mutation {unknown}
 h - 2 potions of resistance {unknown}
 k - a potion of degeneration {unknown}
 s - 2 potions of curing
 C - a potion of invisibility {unknown}
 J - a potion of lignification {unknown}
 V - a potion of haste {unknown}
 X - a potion of stabbing {unknown}
Comestibles
 f - 8 rations


   Skills:
 + Level 9.3 Fighting
 * Level 7.2 Axes
 - Level 3.2 Armour
 - Level 3.2 Shields


You had 7 spell levels left.
You didn't know any spells.
Your spell library was empty.

Dungeon Overview and Level Annotations

Branches:
Dungeon (7/15)             Temple (0/1) D:4

Altars:
Ashenzari
Cheibriados
Dithmenos
Gozag
Kikubaaqudgha
Trog
Uskayaw
The Shining One


Message History

You slash the orc wizard!
You hit the orc warrior but do no damage.
The orc wizard hits you but does no damage.
You block the orc warrior's attack. The orc wizard casts a spell at you.
The magic dart hits you.
You hit the orc warrior.
The orc warrior is severely wounded.
You miss the orc wizard. You block the orc warrior's attack.
The orc wizard hits you but does no damage.
Your chain mail prevents you from hitting the orc warrior.
The orc warrior is severely wounded.
You hit the orc wizard.
You kill the orc wizard!
The orc warrior hits you with a +0 battleaxe!!
* * * LOW HITPOINT WARNING * * *
You hit the orc warrior.
The orc warrior is almost dead.
The orc warrior hits you with a +0 battleaxe!!
You die...

#....>.)...#
#.###.######
#...#.# #
###.#.#
..####.#.#
........#####..
###.........>.#
#...).###....
###.@[.......
#)o..######
#..........
##......?...
#.###..#### #.
..# #. ... #.
?...


You could see an orc warrior.

Vanquished Creatures
  A phantom (D:5)
  An orc warrior (D:6)
  A bullfrog (D:7)
  2 scorpions
  A jelly (D:6)
  A quasit (D:6)
  A bullfrog skeleton (D:5)
  A centaur skeleton (D:6)
  3 orc wizards
  3 hounds
  A worker ant (D:4)
  A howler monkey skeleton (D:4)
  12 adders
  4 leopard geckos
  17 orcs
  A ball python (D:4)
  8 giant cockroaches
  11 goblins
  7 hobgoblins
  6 jackals
  3 kobolds
  7 bats
  A frilled lizard (D:2)
  A jackal zombie (D:6)
  A leopard gecko zombie (D:6)
  9 rats
105 creatures vanquished.

Notes
Turn   | Place    | Note
-------+----------+-------------------------------------------
     0 | D:1      | Elbshagen the Hill Orc Fighter began the quest for the Orb.
     0 | D:1      | Reached XP level 1. HP: 19/19 MP: 1/1
    13 | D:1      | You fall into a shaft and drop 1 floor!
    13 | D:2      | Found a glowing golden altar of the Shining One.
    27 | D:2      | Reached skill level 4 in Fighting
   182 | D:2      | Reached XP level 2. HP: 27/27 MP: 2/2
   289 | D:2      | Reached skill level 5 in Fighting
   289 | D:2      | Reached XP level 3. HP: 8/36 MP: 3/3
  1811 | D:2      | Found a shattered altar of Ashenzari.
  2670 | D:3      | Reached XP level 4. HP: 40/44 MP: 4/4
  2726 | D:3      | Reached skill level 6 in Fighting
  2786 | D:3      | Found an opulent altar of Gozag.
  2895 | D:3      | Found a bloodstained altar of Trog.
  3382 | D:4      | Reached XP level 5. HP: 49/51 MP: 5/5
  3427 | D:4      | Reached skill level 7 in Fighting
  3786 | D:4      | Found a staircase to the Ecumenical Temple.
  3831 | D:4      | Reached XP level 6. HP: 58/61 MP: 6/6
  3845 | D:4      | Reached skill level 8 in Fighting
  4210 | D:5      | Entered Level 5 of the Dungeon
  4214 | D:5      | Noticed a phantom
  4283 | D:5      | Killed a phantom
  4520 | D:5      | Reached XP level 7. HP: 58/69 MP: 7/7
  4786 | D:5      | Found a snail-covered altar of Cheibriados.
  4999 | D:5      | Reached skill level 5 in Axes
  5134 | D:6      | Found an ancient bone altar of Kikubaaqudgha.
  5136 | D:6      | Found a shadowy altar of Dithmenos.
  5233 | D:6      | Reached skill level 9 in Fighting
  5803 | D:6      | Noticed a +0 hand axe
  5804 | D:6      | Found a hide-covered altar of Uskayaw.
  5804 | D:6      | Noticed a +0 hand axe
  5869 | D:6      | Found a shattered altar of Ashenzari.
  5985 | D:7      | Reached XP level 8. HP: 50/78 MP: 8/8
  5994 | D:7      | Mangled by an orc warrior

Levels and vault maps discovered:
D:1:      tarquinn_simple_flora_water_c, layout_basic, minmay_misc_feat_room
D:2:      layout_loops_ring, lemuel_crystal_altar, ashenzari_altar_1
D:3:      layout_basic, lemuel_doored_altar, lemuel_crystal_altar,
          gammafunk_ghost_necromancy, first_ration, minmay_pentangle, uniq_ijyb
D:4:      layout_loops_ring, minmay_temple_entry_wispy
D:5:      layout_basic, nicolae_overflow_crystal_walls
D:6:      layout_loops_ring, dancing_weapons_uskayaw, marbit_many_paths,
          lemuel_round_altar, chequers_temple_overflow_statue_of_worship,
          minmay_increasing_density
D:7:      kennysheep_big_flooded_room, layout_rooms

Skill      XL: |  1  2  3  4  5  6  7 |
---------------+----------------------+-----
Fighting       | 4 5 6 7 8 9 |  9.3
Axes           | 4 7 |  7.2
Armour         | |  3.2
Shields        | |  3.2

Action                   |  1- 3 |  4- 6 |  7- 9 || total
-------------------------+-------+-------+-------++-------
Melee: War axe           |   116 |   212 |    96 ||   424
  Use: Potion            |     1 |       |       ||     1
       Scroll            |       |       |     5 ||     5
  Eat: Ration            |     2 |     2 |     1 ||     5
Armor: Scale mail        |    47 |       |       ||    47
       Chain mail        |    53 |   169 |    84 ||   306
Dodge: Dodged            |    60 |    85 |    24 ||   169
Block: Kite shield       |   107 |   137 |    71 ||   315

Table legend:
 A = Non-vault XP
 B = Vault XP
 C = Vault XP percentage of total XP
 D = Non-vault monster count
 E = Vault monster count
 F = Vault count percentage of total count
                 A         B        C        D         E       F
            +---------+---------+-------+---------+---------+-------
      Total |     933 |     322 |  25.7 |      97 |       8 |   7.6
            +---------+---------+-------+---------+---------+-------
        D:1 |      19 |       0 |   0.0 |      12 |       0 |   0.0
        D:2 |      56 |       0 |   0.0 |      25 |       0 |   0.0
        D:3 |      51 |      28 |  35.4 |      18 |       3 |  14.3
        D:4 |     253 |       0 |   0.0 |      15 |       0 |   0.0
        D:5 |     327 |       0 |   0.0 |      16 |       0 |   0.0
        D:6 |      59 |     294 |  83.3 |       7 |       5 |  41.7
        D:7 |     168 |       0 |   0.0 |       4 |       0 |   0.0
            +---------+---------+-------+---------+---------+-------
